 Dungeon Crawl Stone Soup version 0.27-a0-802-gbe893936b8 (webtiles) character file.

Game seed: 1842930363037058768

18955 Hot the Cardsharp (level 12, -2/110 HPs)
             Began as a Deep Dwarf Fighter on Mar 28, 2021.
             Was a High Priest of Nemelex Xobeh.
             Slain by a quicksilver ooze (3 damage)
             ... in a Gauntlet.
             The game lasted 02:18:10 (11013 turns).

Hot the Cardsharp (Deep Dwarf Fighter)             Turns: 11013, Time: 02:18:14

Health: -2/110     AC: 26    Str: 28    XL:     12   Next: 32%
Magic:  1/6        EV: 10    Int: 11    God:    Nemelex Xobeh [*****.]
Gold:   178        SH: 12    Dex: 15    Spells: 11/11 levels left

rFire    . . .     SeeInvis .   a - +2 war axe (drain)
rCold    + + .     Faith    +   c - +0 kite shield
rNeg     + . .     Spirit   .   D - +2 plate armour of the Heron {rC++ rN+ Str+2}
rPois    .         Reflect  .   m - +2 helmet
rElec    .         Harm     .   e - +0 cloak
rCorr    .         Rampage  .   (no gloves)
Will     +....     NoTele   +   q - +0 pair of boots
Stlth    ..........             l - amulet of faith
HPRegen  0.00/turn              I - +4 ring of protection
MPRegen  0.10/turn              d - +6 ring of strength

@: engulfed (cannot breathe), non-regenerating, slowed, very slow
A: damage resistance, heal wounds, sense surroundings 2, no regeneration
a: Heal Wounds, Renounce Religion, Draw Escape, Draw Destruction, Draw
Summoning, Draw Stack, Triple Draw, Deal Four, Stack Five


You were in a Gauntlet.
You worshipped Nemelex Xobeh.
Nemelex Xobeh was extremely pleased with you.
You visited 2 branches of the dungeon, and saw 12 of its levels.
You also visited: Gauntlet.

You collected 994 gold pieces.
You spent 816 gold pieces at shops.

Inventory:

Hand Weapons
 a - a +2 war axe of draining (weapon)
 b - a +0 hunting sling of freezing
Missiles
 o - 62 sling bullets
Armour
 c - a +0 kite shield (worn)
 e - a +0 cloak (worn)
 m - a +2 helmet (worn)
 q - a +0 pair of boots (worn)
 D - the +2 plate armour of the Heron (worn) {rC++ rN+ Str+2}
   (You bought it in a shop on level 6 of the Dungeon)

   It affects your strength (+2).
   It greatly protects you from cold.
   It protects you from negative energy.
Magical Staves
 g - a staff of conjuration
Jewellery
 d - a +6 ring of strength (right hand)
 k - a ring of see invisible
 l - an amulet of faith (around neck)
 H - a ring of ice
 I - a +4 ring of protection (left hand)
Wands
 s - a wand of random effects (10)
 v - a wand of mindburst (16)
 y - a wand of acid (1)
 A - a wand of digging (7)
 F - a wand of charming (8)
Scrolls
 f - 2 scrolls of summoning
 r - a scroll of blinking
 B - 4 scrolls of teleportation
 E - a scroll of noise
 G - a scroll of amnesia
Potions
 h - 2 potions of attraction
 i - a potion of mutation
 j - a potion of resistance
 n - 3 potions of flight
 p - 2 potions of degeneration
 t - 2 potions of invisibility {unknown}
 u - a potion of haste {unknown}
 w - a potion of lignification {unknown}
 x - a potion of brilliance
 z - a potion of might
 C - a potion of cancellation


   Skills:
 + Level 7.8 Fighting
 - Level 2.1 Long Blades
 + Level 8.5 Axes
 + Level 8.5 Slings
 + Level 9.2 Armour
 + Level 8.3 Dodging
 + Level 9.2 Shields
 + Level 10.1 Invocations


You had 11 spell levels left.
You didn't know any spells.
Your spell library contained the following spells:

 Spells                   Type           Power      Damage    Failure   Level
 Animate Skeleton         Necr           0%         N/A       99%         1
 Apportation              Tloc           0%         N/A       99%         1
 Beastly Appendage        Tmut           0%         N/A       99%         1
 Corona                   Hex            0%         N/A       99%         1
 Magic Dart               Conj           0%         1d3       99%         1
 Summon Small Mammal      Summ           0%         N/A       99%         1
 Blink                    Tloc           N/A        N/A       100%        2
 Call Imp                 Summ           0%         N/A       100%        2
 Slow                     Hex            0%         N/A       100%        2
 Wereblood                Tmut           0%         N/A       100%        2
 Conjure Flame            Conj/Fire      0%         6-21      100%        3
 Gell's Gravitas          Tloc           0%         N/A       100%        3
 Lesser Beckoning         Tloc           0%         N/A       100%        3
 Mephitic Cloud           Conj/Pois/Air  0%         N/A       100%        3
 Spider Form              Tmut/Pois      0%         N/A       100%        3
 Teleport Other           Tloc           0%         N/A       100%        3
 Ice Form                 Ice/Tmut       0%         N/A       100%        4
 Blade Hands              Tmut           0%         N/A       100%        5
 Manifold Assault         Tloc           0%         N/A       100%        5


Dungeon Overview and Level Annotations

Branches:
Dungeon (11/15)            Temple (1/1) D:7             Orc (0/2) D:9
Gauntlet (1/1)
   Lair: D:8-11

Altars:
Ashenzari
Cheibriados
Dithmenos
Elyvilon
Fedhas
Gozag
Hepliaklqana
Kikubaaqudgha
Makhleb
Nemelex Xobeh
Okawaru
Qazlal
Ru
Sif Muna
Trog
Uskayaw
Vehumet
Wu Jian
Xom
Yredelemnul
Zin
The Shining One
Beogh

Shops:
D:6 [

Portals:
Abyss: D:5

Annotations:
Gauntlet 6 transporters


Innate Abilities, Weirdness & Mutations

You are resistant to damage.
You can heal yourself by infusing magical energy.
You passively map the area around you.
You do not regenerate.


Message History

Your lungs strain for air!
The quicksilver ooze hits you!
* * * LOW HITPOINT WARNING * * *
The quicksilver ooze hits you.
You feel your power leaking away. The quicksilver ooze hits you!
* * * LOW HITPOINT WARNING * * *
The quicksilver ooze hits you but does no damage.
The quicksilver ooze barely misses you.
You block the quicksilver ooze's attack.
Your magical essence is drained by the effort!
You feel much better.
* * * LOW HITPOINT WARNING * * *
Your lungs strain for air!
The quicksilver ooze hits you.
The quicksilver ooze hits you but does no damage.
The quicksilver ooze hits you!
* * * LOW HITPOINT WARNING * * *
The quicksilver ooze hits you but does no damage.
What are your orders? t - Shout!
Orders for allies: a - Attack new target. r - Retreat! s - Stop attacking. g - Guard the area. f - Follow me.
Anything else - Cancel.
Okay, then.
Okay, then.
Toss (no damage): 3 potions of degeneration
Press: ? - help, Shift-Dir - straight line, f - quicksilver ooze
Aim: a quicksilver ooze (heavily wounded, lightly drained, 48% to hit)
You toss away a potion of degeneration.
The potion of degeneration closely misses the quicksilver ooze.
* * * LOW HITPOINT WARNING * * *
Your lungs strain for air!
The quicksilver ooze hits you.
* * * LOW HITPOINT WARNING * * *
You block the quicksilver ooze's attack. x2
The quicksilver ooze hits you.
You die...
Your body disappears without a glow.

..#########.## * *
⌠.#.#.....#.≈##.!.#
..#.#.###=#.≈≈#.⌠.#
###.###..!#.≈##...#
.©#...©..©#.###.⌠.# ***
** ⌠.#.###...#..##...#
, , ..#.#s###[#...#.⌠.#
* **
⌠.#.#.....#.∩.#.J.# ,
..#########...#.@.# , *
⌠.....#.....⌠.#......#,
∩,
..#########...#.©.####
* ⌠.#hh8#8.b#.∩.#...# ,
..#hbb8..b#...#.⌠.# **
* ⌠.#8b8.8.)#..##...#
.©##8.©.8©#.###.⌠.#
###8.8.8.?#.≈##...#
..#...8...#.≈≈# *


You could see a quicksilver ooze (drained) and 2 fire bats.

Vanquished Creatures
  Harold (D:8)
  2 ogre magi (D:10)
  A centaur warrior (D:10)
  4 two-headed ogres
  A death drake (Gauntlet)
  The ghost of nht the Grappler, a novice TrTm of Qazlal (D:7)
  Pikel (D:5)
  A deep elf pyromancer (D:10)
  A cyclops (D:10)
  2 slime creatures (D:9)
  A moth of wrath (Gauntlet)
  A gargoyle (D:11)
  A troll (D:10)
  A hornet (D:10)
  A queen bee (Gauntlet)
  Prince Ribbit (D:6)
  A vampire (D:11)
  8 yaks
  3 wraiths
  Grum (D:8)
  A wyvern (D:10)
  3 steam dragons
  2 small abominations (D:5)
  A naga (D:9)
  2 water moccasins
  An acid dragon (D:9)
  2 ice beasts (D:6)
  6 orc warriors (D:9)
  A sky beast (D:7)
  2 black bears (D:6)
  2 ogres
  7 wolves
  4 centaurs
  A centaur (shapeshifter) (Gauntlet)
  A phantom (D:4)
  Blork the orc (D:5)
  7 bullfrogs
  A gnoll sergeant (D:5)
  A kobold brigand (D:5)
  A scorpion (D:5)
  7 killer bees
  12 wights
  A howler monkey (D:8)
  2 bullfrog zombies
  3 hounds
  5 centaur zombies
  6 orc priests
  3 gnoll shamans
  2 jellies (D:6)
  4 orc wizards
  5 iguanas
  Ijyb (D:5)
  2 killer bee zombies
  A centaur simulacrum (D:10)
  2 hound skeletons
  Robin (D:3)
  5 adders
  22 gnolls
  A howler monkey skeleton (D:6)
  A river rat (D:3)
  4 shadow imps
  A white imp (D:5)
  An adder zombie (D:5)
  An adder skeleton (D:4)
  2 worms
  The ghost of stripedtigrrr the Sneak, a weakling OpDe (D:5)
  A dart slug (D:4)
  34 orcs
  8 endoplasms
  4 giant cockroaches
  14 goblins
  9 hobgoblins
  8 jackals
  3 quokkas
  3 ball pythons
  7 bats
  6 frilled lizards
  A jackal skeleton (D:4)
  8 kobolds
  11 rats
294 creatures vanquished.

Vanquished Creatures (collateral kills)
  A two-headed ogre (D:10)
  A cyclops (D:10)
  An ugly thing (D:10)
  A vampire mosquito (D:10)
  A centaur (D:10)
  2 killer bees (D:10)
  2 goblins (D:3)
9 creatures vanquished.

Vanquished Creatures (others)
  An orc wizard (D:7)
  A gnoll (D:10)
  2 orcs
  5 plants (D:6)
9 creatures vanquished.

Grand Total: 312 creatures vanquished

Notes
Turn   | Place    | Note
-------+----------+-------------------------------------------
     0 | D:1      | Hot the Deep Dwarf Fighter began the quest for the Orb.
     0 | D:1      | Reached XP level 1. HP: 20/20 MP: 1/1
   140 | D:1      | Reached XP level 2. HP: 14/27 MP: 2/2
   807 | D:2      | Reached XP level 3. HP: 8/33 MP: 3/3
   905 | D:2      | Reached skill level 1 in Invocations
  1041 | D:2      | Found an iron altar of Okawaru.
  1049 | D:2      | Reached skill level 1 in Axes
  1484 | D:3      | Noticed Robin
  1490 | D:3      | Reached XP level 4. HP: 40/40 MP: 5/5
  1511 | D:3      | Killed Robin
  1512 | D:3      | Reached skill level 2 in Invocations
  1840 | D:3      | Found a radiant altar of Vehumet.
  1917 | D:3      | Reached skill level 1 in Dodging
  2014 | D:3      | Noticed a centaur
  2023 | D:3      | Killed a centaur
  2024 | D:3      | Reached skill level 1 in Slings
  2024 | D:3      | Reached XP level 5. HP: 26/49 MP: 6/6
  2102 | D:3      | Found a glowing drain.
  2314 | D:3      | Found a sparkling altar of Nemelex Xobeh.
  2320 | D:3      | Became a worshipper of Nemelex Xobeh the Trickster
  2401 | D:3      | Found a faded altar of an unknown god.
  2556 | D:4      | Noticed a phantom
  2590 | D:4      | Killed a phantom
  2591 | D:4      | Reached XP level 6. HP: 40/56 MP: 5/7
  2878 | D:4      | Reached skill level 3 in Invocations
  3122 | D:4      | Found an ancient bone altar of Kikubaaqudgha.
  3288 | D:4      | Found an ornate altar of the Wu Jian Council.
  3406 | D:5      | Entered Level 5 of the Dungeon
  3421 | D:5      | Noticed Ijyb
  3432 | D:5      | Killed Ijyb
  3481 | D:5      | Reached * piety under Nemelex Xobeh
  3514 | D:5      | Reached XP level 7. HP: 24/62 MP: 8/8
  3631 | D:5      | Reached skill level 4 in Invocations
  3718 | D:5      | Received a gift from Nemelex Xobeh
  3733 | D:5      | Noticed Pikel
  3784 | D:5      | Killed Pikel
  3785 | D:5      | Reached skill level 5 in Armour
  3785 | D:5      | Reached skill level 5 in Shields
  3785 | D:5      | Reached XP level 8. HP: 45/72 MP: 10/10
  3838 | D:5      | Noticed Blork the orc
  3853 | D:5      | Killed Blork the orc
  3896 | D:5      | Noticed Eustachio
  4015 | D:5      | Noticed Eustachio
  4015 | D:5      | Eustachio changed into Eustachio the gnoll
  4018 | D:5      | Killed Eustachio the gnoll
  4048 | D:5      | Reached skill level 5 in Invocations
  4122 | D:5      | Found a transporter.
  4134 | D:5      | Found a transporter.
  4491 | D:5      | Found a one-way gate to the infinite horrors of the Abyss.
  4558 | D:5      | Noticed stripedtigrrr's ghost (weakling OpDe)
  4685 | D:5      | Killed stripedtigrrr's ghost
  4857 | D:6      | Noticed Prince Ribbit
  4882 | D:6      | Killed Prince Ribbit
  4883 | D:6      | Gained mutation: You passively map the area around you.
                  | [Deep Dwarf growth]
  4883 | D:6      | Reached XP level 9. HP: 36/80 MP: 11/11
  4921 | D:6      | Reached skill level 5 in Fighting
  4931 | D:6      | Reached skill level 6 in Invocations
  4945 | D:6      | Found an opulent altar of Gozag.
  4958 | D:6      | Reached skill level 5 in Axes
  4962 | D:6      | Reached ** piety under Nemelex Xobeh
  5012 | D:6      | Found a burning altar of Makhleb.
  5144 | D:6      | Found Ciqob's Antique Armour Emporium.
  5162 | D:6      | Bought a shiny buckler for 172 gold pieces
  5209 | D:6      | Reached skill level 5 in Slings
  5209 | D:6      | Reached skill level 5 in Dodging
  5625 | D:7      | Found a staircase to the Ecumenical Temple.
  5642 | Temple   | Entered the Ecumenical Temple
  5890 | D:7      | Received a gift from Nemelex Xobeh
  5989 | D:7      | Reached skill level 7 in Invocations
  6006 | D:7      | Reached *** piety under Nemelex Xobeh
  6009 | D:7      | Found an ornate altar of the Wu Jian Council.
  6052 | D:7      | Found a large runed translucent door.
  6053 | D:7      | Found a large runed translucent door.
  6100 | D:7      | Reached XP level 10. HP: 42/89 MP: 13/13
  6152 | D:7      | Noticed nht's ghost (novice TrTm)
  6544 | D:7      | Killed nht's ghost
  6913 | D:8      | Received a gift from Nemelex Xobeh
  7025 | D:8      | Found a blossoming altar of Fedhas.
  7077 | D:8      | Noticed Grum
  7106 | D:8      | Killed Grum
  7232 | D:8      | Received a gift from Nemelex Xobeh
  7398 | D:8      | Received a gift from Nemelex Xobeh
  7458 | D:8      | Reached **** piety under Nemelex Xobeh
  7636 | D:8      | Found a glowing golden altar of the Shining One.
  7638 | D:8      | Found a glowing silver altar of Zin.
  7642 | D:8      | Found a white marble altar of Elyvilon.
  7673 | D:8      | Noticed Harold
  7687 | D:8      | Killed Harold
  7688 | D:8      | Reached skill level 8 in Invocations
  7994 | D:9      | Received a gift from Nemelex Xobeh
  7995 | D:9      | Noticed a two-headed ogre
  7998 | D:9      | Noticed a two-headed ogre
  8006 | D:9      | Killed a two-headed ogre
  8010 | D:9      | Killed a two-headed ogre
  8011 | D:9      | Reached XP level 11. HP: 58/99 MP: 12/12
  8033 | D:9      | Identified a scroll of acquirement
  8033 | D:9      | Acquired 351 gold pieces
  8238 | D:9      | Found a staircase to the Orcish Mines.
  8859 | D:9      | Received a gift from Nemelex Xobeh
  9259 | D:6      | Bought a glimmering plate armour for 644 gold pieces
  9259 | D:6      | Identified the +2 plate armour of the Heron {rC++ rN+
                  | Str+2} (You bought it in a shop on level 6 of the Dungeon)
  9345 | D:10     | Entered Level 10 of the Dungeon
  9590 | D:10     | Noticed a two-headed ogre
  9595 | D:10     | Killed a two-headed ogre
  9635 | D:10     | Reached skill level 9 in Invocations
  9640 | D:10     | Noticed a centaur warrior
  9640 | D:10     | Noticed an ogre mage
  9640 | D:10     | Noticed an ogre mage
  9640 | D:10     | Noticed a purple ugly thing
  9663 | D:10     | Killed a centaur warrior
  9664 | D:10     | Killed an ogre mage
  9664 | D:10     | Killed an ogre mage
  9681 | D:10     | Noticed a two-headed ogre
  9703 | D:10     | Killed a two-headed ogre
  9714 | D:10     | Killed a purple ugly thing
  9919 | D:10     | Reached XP level 12. HP: 58/108 MP: 9/9
  9981 | D:10     | Reached ***** piety under Nemelex Xobeh
 10156 | D:10     | Found a shadowy altar of Dithmenos.
 10267 | D:10     | Received a gift from Nemelex Xobeh
 10571 | D:11     | Noticed a two-headed ogre
 10577 | D:11     | Killed a two-headed ogre
 10621 | D:11     | Found a radiant altar of Vehumet.
 10680 | D:11     | Found a gate leading to a gauntlet.
 10688 | Gauntlet | Entered a Gauntlet
 10688 | Gauntlet | Found a transporter.
 10688 | Gauntlet | Found a transporter.
 10692 | Gauntlet | Found a transporter.
 10692 | Gauntlet | Found a transporter.
 10714 | Gauntlet | Found a transporter.
 10725 | Gauntlet | Found a transporter.
 10726 | Gauntlet | Found a transporter.
 10729 | Gauntlet | Noticed a hell hog
 10735 | Gauntlet | Found a transporter.
 10750 | Gauntlet | Noticed an entropy weaver
 10752 | Gauntlet | Found a transporter.
 10770 | Gauntlet | Found a transporter.
 10771 | Gauntlet | Found a transporter.
 10779 | Gauntlet | Found a transporter.
 10892 | Gauntlet | Reached skill level 10 in Invocations
 10983 | Gauntlet | Noticed a quicksilver ooze
 10983 | Gauntlet | an entropy weaver changed into a quicksilver ooze
 11007 | Gauntlet | HP: 4/110 [quicksilver ooze (15)]
 11007 | Gauntlet | Received a gift from Nemelex Xobeh
 11013 | Gauntlet | HP: 2/110 [drowned by a quicksilver ooze (21)]
 11013 | Gauntlet | Slain by a quicksilver ooze

Illustrated notes

Levels and vault maps discovered:
D:1:      ncdulo_smallfort, layout_loops_cross
D:2:      layout_loops_ring, okawaru_ov_weapons_minmay,
          minmay_goblin_kobold_house
D:3:      layout_loops_ring, lemuel_round_altar, gup_sewer_entry_spiral,
          chequers_ecumenical_altar_simple_redux, nemelex_lonely_heart_becter,
          uniq_robin
D:4:      minmay_skewed_foursquare, layout_cave_pools,
          nicolae_wu_jian_immortal_techniques, marbit_many_paths
D:5:      layout_basic, gammafunk_ghost_abyssal_escape, uniq_blork_the_orc,
          uniq_pikel, uniq_eustachio, uniq_ijyb
D:6:      layout_cave_pools, nicolae_gozag_seed_capital,
          overflow_temple_1_default, serial_shops,
          nicolae_shop_overgrown_old_shop, abandoned_shop, minmay_diced_spiral,
          uniq_prince_ribbit1
D:7:      layout_loops_corners, minmay_temple_entry_waves,
          ebering_ghost_disaster_area, basic_altar
D:8:      layout_layer_cave, good_gods_mini_temple, fedhas_altar_4, uniq_grum,
          uniq_harold
D:9:      layout_cave_pods, david_orc_5
D:10:     minmay_the_grid_plus_closed [minmay_the_grid_all_tris,
          minmay_the_grid_x, minmay_the_grid_holed_spiral,
          minmay_the_grid_minigrid_medium, minmay_the_grid_prize_big_room],
          layout_small_grid, david_defended_altar_elf
D:11:     layout_stronghold, lair_entry_dummy, basic_altar,
          gauntlet_entry_generic, minivault_23, minmay_misc_feat_tiny
Temple:   minmay_temple_bridge_abc
Gauntlet: minmay_gauntlet_77_indecision [minmay_gauntlet_arena_77_braids,
          minmay_gauntlet_arena_77_squiggly, minmay_gauntlet_arena_77_mess,
          minmay_gauntlet_arena_77_chump_sandwich,
          minmay_gauntlet_arena_77_mirror,
          minmay_gauntlet_arena_77_terracotta_army, gauntlet_exit_spiral]

Skill      XL: |  1  2  3  4  5  6  7  8  9 10 11 12 |
---------------+-------------------------------------+-----
Invocations    | 1 2 3 4 5 7 8 9 10 | 10.1
Axes           | 1 2 3 4 5 6 8 |  8.5
Fighting       | 3 4 5 6 7 |  7.8
Dodging        | 1 2 3 4 5 6 7 8 |  8.3
Slings         | 1 2 3 4 5 6 8 |  8.5
Armour         | 4 5 6 7 8 9 |  9.2
Shields        | 4 5 6 7 8 9 |  9.2
Long Blades    | |  2.1

Action                   |  1- 3 |  4- 6 |  7- 9 | 10-12 || total
-------------------------+-------+-------+-------+-------++-------
Melee: Long sword        |    79 |       |       |       ||    79
       War axe           |    84 |   214 |   359 |   393 ||  1050
       Hunting sling     |       |     5 |       |       ||     5
       Unarmed           |       |     6 |       |       ||     6
 Fire: Hunting sling     |       |    14 |    11 |    13 ||    38
Throw: Stone             |       |     3 |       |       ||     3
Invok: Draw Escape       |       |       |     3 |     3 ||     6
       Draw Destruction  |       |       |     1 |    27 ||    28
       Triple Draw       |       |       |     1 |       ||     1
       Draw Summoning    |       |       |       |     3 ||     3
       Draw Stack        |       |       |       |     2 ||     2
       Stack Five        |       |       |       |     1 ||     1
 Abil: Heal Wounds       |     2 |     1 |    15 |    29 ||    47
Evoke: Wand              |       |       |    13 |    15 ||    28
  Use: Scroll            |     3 |     4 |     3 |    11 ||    21
       Potion            |       |     1 |     2 |     2 ||     5
 Stab: Paralysed         |       |       |     4 |       ||     4
       Petrified         |       |       |       |     1 ||     1
Armor: Scale mail        |    86 |    66 |       |       ||   152
       Chain mail        |       |    78 |   288 |   144 ||   510
       Plate armour      |       |       |       |   153 ||   153
Dodge: Dodged            |    55 |    79 |   175 |   224 ||   533
Block: Kite shield       |    95 |   151 |   261 |   421 ||   928
       Buckler           |       |       |    16 |       ||    16
       Rpst.: Long sword |    11 |       |       |       ||    11

Table legend: (Time is in decaauts)
 A = Elapsed time spent in this place.
 B = Non-inter-level travel time spent in this place.
 C = Inter-level travel time spent in this place.
 D = Time resting spent in this place.
 E = Time spent auto-exploring this place.
 F = Levels seen in this place.
 G = Mean time per level.
                   A        B        C        D        E       F      G
               +--------+--------+--------+--------+--------+-----+--------+
         Total |  11562 |  10968 |    594 |      0 |   5571 |  13 |  889.4 |
       Dungeon |  10975 |  10400 |    575 |      0 |   5423 |  11 |  997.7 |
        Temple |    230 |    212 |     18 |      0 |    148 |   1 |  230.0 |
      Gauntlet |    356 |    356 |      0 |      0 |      0 |   1 |  356.0 |
               +--------+--------+--------+--------+--------+-----+--------+

Top non-repeatable levels by time:
     D:5: 1546 daAuts
     D:7: 1264 daAuts
     D:9: 1259 daAuts
     D:8: 1173 daAuts
    D:10: 1147 daAuts
     D:3: 1101 daAuts
     D:4: 973 daAuts
     D:1: 827 daAuts
     D:2: 754 daAuts
     D:6: 703 daAuts
Gauntlet: 356 daAuts
  Temple: 230 daAuts
    D:11: 223 daAuts
